AoeStats
← bone app the teeth

Pilgrims

508347327Analyzed
3v3 RM · 11d ago on Sep 22, 2026· 43m 8s· 6 players
Game mode
Random Map
Map size
Normal (6 player)
Population
200
Speed
Normal
Resources
Standard
Victory
Conquest
Starting age
Dark Age
Ending age
Imperial Age
RankedLock teamsTeams togetherTeam positionsShared explorationLock speedFull tech treeHidden civsTurbo modeCheats
Victory
Defeat
🇱🇧 Wu · Lebanon
1134
+11
🇺🇸 Dravidians · United States
1044
+15
🇺🇸 Celts · United States
840
+22
🇺🇸 Hindustanis · United States
1030
-17
🇺🇸 Spanish · United States
1028
-17
🇺🇸 Japanese · United States
969
-14
Melly_Bean
8:03 Loom
14:31 Feudal Age
22:37 Double-Bit Axe
24:34 Scale Mail Armor
24:24 Fletching
24:40 Scale Mail Armor
30:26 Castle Age
31:44 Bodkin Arrow
32:04 Chain Mail Armor
32:19 Bow Saw
32:06 Demolition Ship
36:35 Imperial Age
36:43 Imperial Age
37:12 Wheelbarrow
37:21 Capped Ram
39:50 Siege Ram
russoft
10:08 Loom
12:21 Feudal Age
13:46 Fishing Lines
16:49 Castle Age
16:57 Fletching
18:07 Gillnets
20:25 Bodkin Arrow
21:29 Medium Warships
22:45 Ballistics
22:50 Man-at-Arms
24:36 Long Swordsman
27:47 Forging
27:37 Scale Mail Armor
27:36 Arson
27:37 Gambesons
27:52 Squires
28:20 Double-Bit Axe
31:40 Bow Saw
31:11 Horse Collar
32:58 Padded Archer Armor
33:57 Leather Archer Armor
34:18 Medical Corps
35:37 Heavy Plow
38:13 Imperial Age
38:14 Chain Mail Armor
39:49 Bracer
41:13 Conscription
42:13 Plate Mail Armor
42:19 Iron Casting
43:15 Ring Archer Armor
KOMR4D ☭
10:40 Feudal Age
10:57 Loom
17:09 Castle Age
15:30 Fishing Lines
17:36 Fletching
19:22 Crossbowman
19:59 Bodkin Arrow
20:04 Padded Archer Armor
20:26 Gillnets
20:26 Double-Bit Axe
23:50 Medium Warships
28:00 Gold Mining
30:05 Leather Archer Armor
30:55 Ballistics
33:31 Imperial Age
31:30 Town Watch
32:21 Wheelbarrow
34:30 Bracer
33:53 Arbalester
34:46 Red Cliffs Tactics
35:13 Conscription
38:32 Elite Fire Archer
41:19 Hand Cart
Aluerad
5:04 Loom
11:11 Feudal Age
11:53 Double-Bit Axe
15:07 Horse Collar
20:47 Castle Age
20:44 Bloodlines
20:36 Padded Archer Armor
21:41 Gold Mining
22:07 Bow Saw
22:00 Husbandry
22:18 Leather Archer Armor
23:48 Heavy Plow
24:25 Wheelbarrow
31:08 Hand Cart
32:40 Scale Barding Armor
32:45 Forging
32:36 Fletching
36:53 Bodkin Arrow
37:34 Iron Casting
37:20 Chain Barding Armor
40:21 Imperial Age
42:15 Ring Archer Armor
42:46 Blast Furnace
42:22 Plate Barding Armor
41:48 Bracer
42:34 Conscription
41:39 Elite Conquistador
bone app the teeth
7:14 Loom
10:28 Feudal Age
11:31 Double-Bit Axe
11:28 Fishing Lines
13:33 Horse Collar
19:28 Castle Age
18:49 Scale Barding Armor
21:27 Wheelbarrow
21:11 Bloodlines
21:00 Elite Skirmisher
21:45 Fletching
25:14 Husbandry
25:39 Medium Warships
26:33 Padded Archer Armor
27:22 Scale Mail Armor
34:23 Forging
36:05 Bodkin Arrow
39:28 Thumb Ring
39:51 Leather Archer Armor
39:53 Chain Mail Armor
40:02 Gold Mining
40:02 Stone Mining
40:14 Squires
40:51 Crossbowman
42:27 Iron Casting
Onea Usix
10:18 Loom
14:52 Feudal Age
17:07 Wheelbarrow
16:59 Man-at-Arms
18:39 Horse Collar
19:02 Double-Bit Axe
25:53 Castle Age
27:45 Hand Cart
28:00 Pikeman
28:41 Squires
33:40 Treadmill Crane
33:57 Murder Holes
37:58 Elite Skirmisher
38:45 Thumb Ring
42:27 Imperial Age
Connection lost

Rejoining the realm…

Still unreachable

The connection could not be restored.

Session expired

The server has moved on; the page needs a fresh start.